 Dungeon Crawl Stone Soup version 0.14-a0-1388-g200237c (webtiles) character file.

3751 4tharraofdagon the Frost Mage (level 9, 0/45 HPs)
             Began as a Deep Elf Ice Elementalist on Dec 9, 2013.
             Was a Believer of Sif Muna.
             Slain by a wraith (10 damage)
             ... on Level 10 of the Dungeon.
             The game lasted 00:29:40 (2872 turns).

4tharraofdagon the Frost Mage (DEIE)                Turns: 2872, Time: 00:29:40

HP   0/45        AC  5     Str  5      XL: 9   Next: 83%
MP  20/28        EV 13     Int 22      God: Sif Muna [**....]
Gold 188         SH  0     Dex 15      Spells:  6 memorised, 10 levels left

rFire  x . .     SeeInvis .     q - -1,+1 orc mace
rCold  + . .     Clarity  .     a - +0 elf robe
rNeg   + . .     Conserve .     (no shield)
rPois  .         rCorr    .     (no helmet)
rElec  .         rRot     .     p - +0 cloak
SustAb . .       Spirit   .     m - +0 pair of gloves
rMut   +         Warding  .     t - +0 pair of boots
Saprov . . .     Stasis   .     f - amulet of resist mutation
                                N - ring of positive energy {unknown}
                                n - ring of ice

@: very slightly contaminated, somewhat resistant to hostile enchantments,
fairly stealthy
A: fangs 1, blurry vision 1, dopey 1, fast metabolism 1
a: Channel Energy, Forget Spell, Renounce Religion


You were on level 10 of the Dungeon.
You worshipped Sif Muna.
Sif Muna was pleased with you.
You were not hungry.

You visited 2 branches of the dungeon, and saw 12 of its levels.

You collected 220 gold pieces.

Inventory:

Hand weapons
 e - a +0 blowgun
 i - a +0,+0 war axe
 q - a -1,+1 orcish mace (weapon)
 r - a +0,+1 orcish broad axe
 v - the +8,+3 lajatang of Dishonesty {venom, Noisy +Rage rF+ MR+}
   (You found it on level 6 of the Dungeon)

   It poisons the flesh of those it strikes.
   It protects you from fire.
   It affects your resistance to hostile enchantments.
   It lets you go berserk.
   It makes noises.
Missiles
 h - 11 poisoned needles
 j - 6 poisoned darts (quivered)
Armour
 a - a +0 elven robe (worn)
 m - a +0 pair of gloves (worn)
 p - a +0 cloak (worn)
 t - a +0 pair of boots (worn)
Magical devices
 l - a wand of paralysis (11)
 s - a wand of slowing (8)
 A - a wand of polymorph (8)
 C - a wand of polymorph (2)
 K - a wand of frost (11)
Comestibles
 c - 3 bread rations
 F - 2 chunks of worker ant flesh
 J - a meat ration
Scrolls
 d - a scroll of enchant weapon I
 k - a scroll of identify
 w - 2 scrolls of enchant armour {unknown}
 x - a scroll of curse jewellery {unknown}
 y - a scroll of fog {unknown}
 z - a scroll of random uselessness {unknown}
 E - a scroll of blinking {unknown}
 G - a scroll of curse weapon {unknown}
 H - a scroll of acquirement {unknown}
 I - a scroll of immolation
 O - a scroll of remove curse {unknown}
Jewellery
 f - an amulet of resist mutation (around neck)
 n - a ring of ice (left hand)
 N - a ring of positive energy (right hand) {unknown}
Potions
 o - a potion of resistance
 B - a potion of flight
 L - 2 potions of brilliance
 M - a potion of curing
Books
 b - a book of Frost

   Spells                             Type                      Level
   *Freeze                            Ice                          1
   *Throw Frost                       Conjuration/Ice              2
   Ozocubu's Armour                   Charms/Ice                   3
   *Throw Icicle                      Conjuration/Ice              4
   *Summon Ice Beast                  Ice/Summoning                4
   Condensation Shield                Ice                          4
 g - a book of Party Tricks

   Spells                             Type                      Level
   Summon Butterflies                 Summoning                    1
   *Apportation                       Translocation                1
   *Blink                             Translocation                2
   Alistair's Intoxication            Transmutation/Poison         4
   Tukima's Dance                     Hexes                        5
 u - a book of Cantrips

   Spells                             Type                      Level
   Confusing Touch                    Hexes                        1
   Animate Skeleton                   Necromancy                   1
   Summon Small Mammal                Summoning                    1
   *Apportation                       Translocation                1
 D - a book of Dreams

   Spells                             Type                      Level
   Ensorcelled Hibernation            Hexes/Ice                    2
   Flight                             Charms/Air                   3
   Phase Shift                        Translocation                5
   Shadow Creatures                   Summoning                    5
   Mass Confusion                     Hexes                        6
   Darkness                           Hexes                        7


   Skills:
 - Level 2.4 Dodging
 - Level 2.4 Stealth
 + Level 8.0 Spellcasting
 * Level 6.8 Conjurations
 - Level 4.0 Translocations
 * Level 8.7 Ice Magic
 - Level 8.3 Invocations


You had 10 spell levels left.
You knew the following spells:

 Your Spells              Type           Power        Failure   Level  Hunger
a - Freeze                Ice            ####         1%          1    None
b - Blink                 Tloc           N/A          1%          2    None
c - Throw Icicle          Conj/Ice       ######..     3%          4    ###....
d - Apportation           Tloc           ####......   1%          1    None
e - Throw Frost           Conj/Ice       ######       1%          2    None
f - Summon Ice Beast      Ice/Summ       #####.....   14%         4    ###....


Dungeon Overview and Level Annotations

Branches:
Dungeon (11/16)            Temple (1/1) D:7            Lair (0/8) D:10
    Orc: D:9-12

Altars:
Cheibriados
Fedhas
Nemelex Xobeh
Okawaru
Sif Muna
Trog
Xom
Yredelemnul
Zin
the Shining One

Annotations:
D:6 4tharraofdagon's ghost, average HuCj
D:8 Erolcha
D:10 Urug


Innate Abilities, Weirdness & Mutations

You have very sharp teeth.
Your vision is a little blurry.
You are dopey. (Int -2)
You have a fast metabolism.


Message History

Casting: Summon Ice Beast
Confirm with . or Enter, or press ? or * to list all spells.
Okay, then.
Casting: Summon Ice Beast
Confirm with . or Enter, or press ? or * to list all spells.
You blink.
Casting: Blink
Confirm with . or Enter, or press ? or * to list all spells.
You blink.
Unknown command.
Casting: Blink
Confirm with . or Enter, or press ? or * to list all spells.
You blink.
Unknown command.
Casting: Blink
Confirm with . or Enter, or press ? or * to list all spells.
You miscast Blink.
You are very lightly contaminated with residual magic.
Nothing appears to happen.
The wraith hits you!
You die...

################..
........ยง..........
..#######...####.
#.W@# #..># #####


You could see a wraith.

Vanquished Creatures
  6 yaks (D:7)
  A yellow wasp (D:9)
  2 sky beasts
  4 centaurs
  Sigmund (D:4)
  A water moccasin (D:7)
  Blork the orc (D:6)
  A giant frog (D:10)
  3 killer bees (D:10)
  3 crimson imps
  A hound (D:8)
  An orc priest (D:5)
  2 orc wizards (D:5)
  A two-headed ogre zombie (D:9)
  4 worker ants
  A gnoll (D:6)
  An adder (D:3)
  2 worms
  A giant gecko (D:3)
  3 orcs
  A bat skeleton (D:5)
  2 giant cockroaches
  2 goblins (D:5)
  5 hobgoblins
  A jackal (D:5)
  A quokka (D:8)
  7 bats
  A giant newt (D:7)
  A giant spore (D:5)
  A jackal skeleton (D:5)
  4 kobolds
  A rat zombie (D:8)
  8 ballistomycetes
75 creatures vanquished.

Vanquished Creatures (collateral kills)
  The ghost of July the Thaumaturge, an experienced SpEn of Okawaru (D:8)
  Joseph (D:10)
  A yak (D:9)
  An ice beast (D:8)
  A black bear (D:10)
  8 killer bees
  A goliath beetle (D:8)
  A crimson imp (D:8)
  A giant frog zombie (D:9)
  A water moccasin zombie (D:9)
  An iguana (D:8)
  A bat (D:8)
  A rat (D:9)
20 creatures vanquished.

Vanquished Creatures (others)
  12 ice beasts
  A giant spore (D:7)
  2 fungi (D:10)
  3 plants (D:10)
18 creatures vanquished.

Grand Total: 113 creatures vanquished

Notes
Turn   | Place    | Note
--------------------------------------------------------------
     0 | D:1      | 4tharraofdagon, the Deep Elf Ice Elementalist, began the quest for the Orb.
     0 | D:1      | Reached XP level 1. HP: 10/10 MP: 5/5
   116 | D:3      | Reached XP level 2. HP: 7/15 MP: 1/8
   339 | D:4      | Bloax: deie^chei deie^chei
   360 | D:5      | Entered Level 5 of the Dungeon
   360 | D:5      | Noticed an ice beast
   373 | D:4      | Bloax: christ how terrifying
   472 | D:5      | Noticed a manticore
   472 | D:5      | Noticed a centaur
   473 | D:5      | Bloax: wtf
   474 | D:5      | Noticed an ice beast
   474 | D:5      | Noticed a sky beast
   500 | D:5      | Killed a centaur
   500 | D:5      | Reached skill level 4 in Spellcasting
   500 | D:5      | Reached skill level 5 in Ice Magic
   500 | D:5      | Reached XP level 3. HP: 11/19 MP: 5/12
   500 | D:5      | Reached XP level 4. HP: 13/24 MP: 6/15
   507 | D:4      | Torious: nice
   510 | D:4      | Learned a level 2 spell: Blink
   515 | D:4      | Learned a level 4 spell: Throw Icicle
   517 | D:4      | Learned a level 1 spell: Apportation
   517 | D:4      | 4tharraofdagon: glaciate implemented?
   520 | D:4      | Learned a level 2 spell: Throw Frost
   547 | D:4      | Torious: what's that
   549 | D:4      | Noticed Sigmund
   632 | D:4      | Found a sparkling altar of Nemelex Xobeh.
   641 | D:4      | Killed Sigmund
   641 | D:4      | Reached skill level 1 in Translocations
   641 | D:4      | Reached XP level 5. HP: 14/28 MP: 11/18
   678 | D:4      | Gained mutation: You have very sharp teeth. [helix card]
   679 | D:4      | Gained mutation: You have a fast metabolism. [helix card]
   682 | D:4      | Gained mutation: You are dopey. (Int -2) [helix card]
   683 | D:4      | Gained mutation: Your vision is a little blurry. [helix card]
   686 | D:4      | Torious: omg
   686 | D:4      | Torious: :D
   686 | D:4      | 4tharraofdagon: wonders :D
   774 | D:5      | Killed a sky beast
   774 | D:5      | Reached XP level 6. HP: 22/32 MP: 13/20
   856 | D:5      | Reached skill level 5 in Spellcasting
   976 | D:5      | Reached skill level 6 in Ice Magic
   992 | D:5      | HP: 1/32 [manticore/volley of spikes (9)]
   994 | D:5      | Torious: jesus
  1062 | D:5      | Learned a level 4 spell: Summon Ice Beast
  1063 | D:6      | Noticed Blork the orc
  1070 | D:6      | Reached XP level 7. HP: 24/36 MP: 15/22
  1088 | D:6      | Killed Blork the orc
  1137 | D:6      | Noticed 4tharraofdagon's ghost (average HuCj)
  1297 | D:6      | Got an ebony lajatang
  1298 | D:6      | Identified the +8,+3 lajatang of Dishonesty {venom, Noisy +Rage rF+ MR+} (You found it on level 6 of the Dungeon)
  1300 | D:6      | FU CRAWL
  1448 | D:7      | Found a staircase to the Ecumenical Temple.
  1465 | Temple   | Entered the Ecumenical Temple
  1482 | Temple   | Became a worshipper of Sif Muna the Loreminder
  1506 | D:7      | MUAHAHAH
  1602 | D:7      | Reached skill level 7 in Ice Magic
  1616 | D:7      | Found a shimmering altar of Xom.
  1622 | D:7      | Noticed a yak
  1623 | D:7      | Noticed a yak
  1627 | D:7      | Noticed a yak
  1647 | D:7      | Killed a yak
  1647 | D:7      | Reached skill level 5 in Conjurations
  1647 | D:7      | Reached XP level 8. HP: 41/41 MP: 8/25
  1741 | D:7      | Killed a yak
  1741 | D:7      | Acquired Sif Muna's first power
  1766 | D:7      | Noticed a yak
  1771 | D:7      | Noticed a yak
  1778 | D:7      | Killed a yak
  1781 | D:7      | Killed a yak
  1783 | D:7      | Noticed a yak
  1805 | D:7      | Killed a yak
  1826 | D:7      | Killed a yak
  1826 | D:7      | Reached skill level 5 in Invocations
  1972 | D:8      | Noticed July's ghost (experienced SpEn)
  1988 | D:8      | Killed July's ghost
  1988 | D:8      | Reached XP level 9. HP: 42/45 MP: 10/27
  2105 | D:8      | Found a blossoming altar of Fedhas.
  2131 | D:8      | Noticed Erolcha
  2340 | D:9      | hurdos: Hi
  2412 | D:9      | Reached skill level 8 in Ice Magic
  2478 | D:10     | Entered Level 10 of the Dungeon
  2478 | D:10     | Found a staircase to the Lair.
  2610 | D:10     | Acquired Sif Muna's second power
  2726 | D:10     | Noticed Joseph
  2752 | D:10     | Killed Joseph
  2776 | D:10     | Noticed Urug
  2872 | D:10     | Slain by a wraith

Action                   |  1- 3 |  4- 6 |  7- 9 || total
-------------------------+-------+-------+-------++-------
Melee: Unarmed           |       |     7 |       ||     7
       Mace              |       |    49 |    37 ||    86
       Broad axe         |       |       |     5 ||     5
 Fire: Blowgun           |       |     1 |       ||     1
Throw: Dart              |       |       |     5 ||     5
 Cast: Freeze            |    13 |    28 |    35 ||    76
       Throw Frost       |       |     4 |    53 ||    57
       Blink             |       |     4 |     9 ||    13
       Throw Icicle      |       |       |    33 ||    33
       Summon Ice Beast  |       |       |    28 ||    28
Invok: Channel Energy    |       |       |    76 ||    76
Evoke: Deck              |       |    11 |       ||    11
       Wand              |       |     2 |     4 ||     6
  Use: Scroll            |     4 |       |     4 ||     8
       Potion            |     1 |     2 |     2 ||     5
